 Dungeon Crawl Stone Soup version 0.31-a0-600-g62dffe198b (webtiles) character file.

Game seed: 5527629012590338705

259 AdnanSaban the Covered (level 6, -2/38 HPs)
             Began as a Gargoyle Fighter on Aug 21, 2023.
             Slain by a gnoll
             ... wielding a +0 halberd
             ... led by a gnoll bouda
              (4 damage)
             ... on level 5 of the Dungeon.
             The game lasted 00:01:59 (1785 turns).

AdnanSaban the Covered (Gargoyle Fighter)           Turns: 1785, Time: 00:02:00

Health: -2/38      AC: 14    Str: 21    XL:     6   Next: 17%
Magic:  6/6        EV:  8    Int:  9    God:
Gold:   174        SH:  4    Dex:  9    Spells: 5/5 levels left

rFire   . . .        a - +0 flail
rCold   . . .        c - +0 buckler
rNeg    + . .        s - +0 chain mail
rPois   ∞            (no helmet)
rElec   +            (no cloak)
rCorr   .            (no gloves)
SInv    .            (no boots)
Will    .....        (no amulet) Stlth
                     (no ring)
HPRegen 0.26/turn    (no ring)
MPRegen 0.10/turn

%: no passive effects
@: weakened
A: sickness immunity, AC +4, negative energy resistance 1, electricity
resistance, torment resistance 1, petrification resistance
a: no special abilities


You were on level 5 of the Dungeon.
You visited 1 branch of the dungeon, and saw 4 of its levels.

You collected 174 gold pieces.

Inventory:

Hand Weapons
 a - a +0 flail (weapon)
Missiles
 m - 8 boomerangs
Armour
 c - a +0 buckler (worn)
 s - a +0 chain mail (worn)
Jewellery
 p - a ring of ice
Scrolls
 e - 2 scrolls of immolation {unknown}
 f - 2 scrolls of fog {unknown}
 g - 3 scrolls of identify {unknown}
 i - a scroll of butterflies {unknown}
 k - a scroll of amnesia {unknown}
 l - 3 scrolls of poison {unknown}
 o - 2 scrolls of revelation {unknown}
Potions
 b - a potion of cancellation {unknown}
 d - a potion of might
 h - 3 potions of brilliance {unknown}
 j - a potion of haste {unknown}
 n - 2 potions of invisibility {unknown}
 q - a potion of enlightenment {unknown}
 r - 2 potions of curing {unknown}


   Skills:
 + Level 4.1 Fighting
 + Level 4.0 Maces & Flails
 + Level 4.7 Armour
 + Level 0.8 Dodging
 + Level 4.1 Shields


You had 5 spell levels left.
You didn't know any spells.
Your spell library contained the following spells:

 Spells                   Type           Power      Damage    Failure   Level
 Shock                    Conj/Air       0%         1d3       97%         1
 Ozocubu's Armour         Ice            0%         N/A       100%        3
 Swiftness                Air            0%         N/A       100%        3
 Airstrike                Air            0%         2d(0-16)  100%        4
 Ozocubu's Refrigeration  Ice            0%         4d7       100%        7


Dungeon Overview and Level Annotations

Branches:
Dungeon (3/15)

Altars:
Sif Muna
The Shining One

Annotations:
D:3 1 runed translucent door, Seven7's ghost, amateur MiFi


Innate Abilities, Weirdness & Mutations

You are immune to sickness and miasma.
Your stone body is resilient. (AC +4)
You are immune to poison.
You resist negative energy. (rN+)
You are resistant to electric shocks. (rElec)
You are resistant to unholy torment.
You are immune to petrification.


Message History

You block the gnoll's attack.
The black bear bites you but does no damage.
The black bear claws you but does no damage.
The black bear barely misses you.
The gnoll bouda hits you but does no damage.
You closely miss the black bear.
The black bear is severely wounded.
The gnoll hits you from afar with a +0 halberd.
The black bear bites you but does no damage.
The black bear claws you but does no damage.
The black bear barely misses you.
The gnoll bouda gazes fiercely through you!
You feel as though you will be weak longer.
The gnoll bouda hits you but does no damage.
The gnoll hits you from afar with a +0 halberd.
* * * LOW HITPOINT WARNING * * *
You hit the black bear.
The black bear is severely wounded.
The black bear barely misses you. x2
The black bear claws you but does no damage.
The gnoll bouda closely misses you. You block the gnoll's attack.
The gnoll barely misses you.
Unknown command.
You thump the black bear!
You kill the black bear!
The gnoll bouda gazes fiercely through you!
You feel as though you will be weak longer.
You block the gnoll bouda's attack.
The gnoll hits you but does no damage. x2
The gnoll bouda closely misses you.
Your Maces & Flails skill increases to level 4!
Your Shields skill increases to level 4!
You have reached level 6!
The gnoll hits you with a +0 flail!
* * * LOW HITPOINT WARNING * * *
You block the gnoll's attack. The gnoll bouda barely misses you.
You see here a black bear corpse.
Unknown command.
You closely miss the gnoll. The gnoll hits you but does no damage.
The gnoll hits you with a +0 halberd.
You die...

#.# ##.....#...... #.#
#....#........ #.#
##..?##........ #.#
#..g.....[..... #h##
###.#######.... #..#
#(# #.... ##.## #.#
#....
#..#######.#######....
##.gg@...#.#..........
#.:.gg..#.#..........
#.......#.#..........
#########.#########..
#.# #.. #.# #..
#.#########.#
#......g....#
#############


You could see a gnoll bouda and 3 gnolls.

Vanquished Creatures
  A water moccasin (D:3)
  A black bear (D:5)
  A gnoll (D:5)
  An adder (D:5)
  A dart slug (D:2)
  2 orcs
  A ball python (D:2)
  4 bats (D:2)
  5 endoplasms
  A giant cockroach (D:1)
  6 goblins
  3 hobgoblins
  2 jackals (D:2)
  A quokka (D:1)
  2 frilled lizards (D:1)
  4 kobolds
  4 rats (D:1)
40 creatures vanquished.

Notes
Turn   | Place    | Note
-------+----------+-------------------------------------------
     0 | D:1      | AdnanSaban the Gargoyle Fighter began the quest for the
                  | Orb.
     0 | D:1      | Reached XP level 1. HP: 14/14 MP: 1/1
   180 | D:1      | Reached XP level 2. HP: 19/19 MP: 2/2
   735 | D:2      | Reached XP level 3. HP: 23/23 MP: 3/3
  1283 | D:3      | Noticed a water moccasin
  1298 | D:3      | Killed a water moccasin
  1299 | D:3      | Reached XP level 4. HP: 18/29 MP: 4/4
  1299 | D:3      | Reached XP level 5. HP: 20/33 MP: 5/5
  1513 | D:3      | Found a runed translucent door.
  1516 | D:3      | Noticed Seven7's ghost (amateur MiFi)
  1581 | D:3      | You fall into a shaft and drop 2 floors!
  1581 | D:5      | Entered Level 5 of the Dungeon
  1610 | D:5      | Found a shimmering blue altar of Sif Muna.
  1625 | D:5      | Found a glowing golden altar of the Shining One.
  1722 | D:5      | Noticed a black bear
  1783 | D:5      | Killed a black bear
  1784 | D:5      | Reached XP level 6. HP: 9/38 MP: 6/6
  1785 | D:5      | Slain by a gnoll

Illustrated notes

Levels and vault maps discovered:
D:1:      mrwooster_arrival_statue_2, layout_basic,
          hangedman_decor_clover_reticule, minmay_hexomino_p4
D:2:      layout_rooms, serial_glass, glass_columns_a, glass_columns_a,
          glass_columns_c, glass_columns_c, glass_columns_a, glass_columns_a,
          kennysheep_cross_room, hangedman_decor_push
D:3:      layout_loops_ring, gammafunk_temple_overflow_pools,
          ebering_ghost_sewer_f
D:5:      layout_cave_pools, mainiacjoe_overflow_catch_the_wave,
          serial_co_window_serial, co_window_paths_a, co_window_paths_a,
          co_window_paths_a, co_window_corner_a, co_window_paths_a,
          co_window_unsneaky_path_b, co_window_corner_b, co_window_corner_cb,
          co_window_broadway_b, co_window_of_opportunity_c,
          co_window_of_opportunity_b, co_window_paths_d, glass_columns_a,
          glass_columns_c

Skill      XL: |  1  2  3  4  5 |
---------------+----------------+-----
Fighting       | 4 |  4.1
Maces & Flails | 3 4 |  4.0
Armour         | 4 |  4.7
Shields        | 4 |  4.1
Dodging        | |  0.8

Action                     |  1- 3 |  4- 6 || total
---------------------------+-------+-------++-------
  Melee: Flail             |   106 |    31 ||   137
 Armour: Scale mail        |    53 |       ||    53
         Chain mail        |       |    46 ||    46
  Dodge: Dodged            |    62 |    35 ||    97
  Block: Buckler           |    18 |    19 ||    37

Table legend: (Time is in decaauts)
 A = Elapsed time spent in this place.
 B = Non-inter-level travel time spent in this place.
 C = Inter-level travel time spent in this place.
 D = Time resting spent in this place.
 E = Time spent auto-exploring this place.
 F = Levels seen in this place.
 G = Mean time per level.
                   A        B        C        D        E       F      G
               +--------+--------+--------+--------+--------+-----+--------+
         Total |   1825 |   1773 |     52 |      0 |   1306 |   4 |  456.2 |
       Dungeon |   1825 |   1773 |     52 |      0 |   1306 |   4 |  456.2 |
               +--------+--------+--------+--------+--------+-----+--------+

Top non-repeatable levels by time:
     D:1: 633 daAuts
     D:2: 608 daAuts
     D:3: 374 daAuts
     D:5: 209 daAuts
